 Seeded DCSS version 0.29-a0-1023-g6ae1a4a2c7 (webtiles) character file.

Game seed: 6155037152212704371 (custom seed)

204 mathmaestro the Grave Robber (level 5, 0/39 HPs)
             Began as a Demonspawn Necromancer on Aug 12, 2022.
             Slain by a bullfrog (5 damage)
             ... on level 3 of the Dungeon.
             The game lasted 00:07:00 (3139 turns).

mathmaestro the Grave Robber (DsNe)                 Turns: 3139, Time: 00:07:01

Health: 0/39       AC:  5    Str:  8    XL:     5   Next: 52%
Magic:  9/9        EV: 11    Int: 18    God:
Gold:   110        SH:  4    Dex: 14    Spells: 2/10 levels left

rFire   . . .      SeeInvis .   j - +0 dagger (venom)
rCold   . . .      Faith    .   c - +0 buckler
rNeg    . . .      Spirit   .   u - +0 leather armour
rPois   .          Reflect  .   (no helmet)
rElec   .          Harm     .   i - +0 cloak
rCorr   .          Rampage  .   (no gloves)
Will    .....                   w - +0 pair of boots
Stlth   ++........              (no amulet)
HPRegen 0.13/turn               (no ring)
MPRegen 0.22/turn               (no ring)

@: no status effects
A: magic regeneration, sturdy frame 1
a: no special abilities


You were on level 3 of the Dungeon.
You visited 1 branch of the dungeon, and saw 4 of its levels.

You collected 146 gold pieces.
You spent 36 gold pieces at shops.

Inventory:

Hand Weapons
 f - a +0 hand axe
 j - a +0 dagger of venom (weapon)
 s - a +0 dagger of distortion
Armour
 c - a +0 buckler (worn)
 i - a +0 cloak (worn)
 u - a +0 leather armour (worn)
 w - a +0 pair of boots (worn)
Scrolls
 a - a scroll of enchant weapon {unknown}
 d - a scroll of teleportation {unknown}
 e - a scroll of vulnerability {unknown}
 k - 2 scrolls of silence {unknown}
 l - a scroll of poison {unknown}
 m - 2 scrolls of magic mapping {unknown}
 n - a scroll of fear {unknown}
 o - a scroll of identify {unknown}
 p - a scroll of amnesia {unknown}
 x - a scroll of butterflies {unknown}
Potions
 b - 2 potions of magic
 g - a potion of degeneration {unknown}
 h - a potion of attraction {unknown}
 q - 2 potions of haste {unknown}
 r - a potion of brilliance {unknown}
 t - a potion of curing
 v - a potion of berserk rage {unknown}


   Skills:
 + Level 2.3 Fighting
 - Level 2.0 Dodging
 - Level 2.0 Stealth
 + Level 2.0 Shields
 + Level 3.1 Spellcasting
 + Level 5.3 Necromancy


You had 2 spell levels left.
You knew the following spells:

 Your Spells              Type           Power      Damage    Failure   Level
a - Necrotise             Necr           88%        1d8       2%          1
b - Vampiric Draining     Necr           22%        2d7       8%          3
c - Animate Dead          Necr           22%        N/A       26%         4

Your spell library contained the following spells:

 Spells                   Type           Power      Damage    Failure   Level
 Magic Dart               Conj           8%         1d3       24%         1
 Summon Small Mammal      Summ           8%         N/A       24%         1
 Call Imp                 Summ           2%         N/A       34%         2
 Call Canine Familiar     Summ           2%         N/A       56%         3
 Mephitic Cloud           Conj/Pois/Air  2%         N/A       56%         3
 Summon Guardian Golem    Hex/Summ       2%         N/A       56%         3
 Agony                    Necr           22%        N/A       58%         5


Dungeon Overview and Level Annotations

Branches:
Dungeon (4/15)
 Temple: D:4-7

Altars:

Shops:
D:3 !


Innate Abilities, Weirdness & Mutations

You regenerate magic rapidly.
Your movements are slightly less encumbered by armour. (ER -2)


Message History

You block the bullfrog's attack. The bullfrog attacks as you move away!
The bullfrog hits you!
* * * LOW HITPOINT WARNING * * *
Found a stone staircase leading up.
You see here 10 gold pieces.
The bullfrog barely misses you. The bullfrog attacks as you move away!
The bullfrog barely misses you. The bullfrog attacks as you move away!
The bullfrog barely misses you. x2
The adder attacks as you move away! The adder bites you but does no damage.
Found 3 stones.
You block the adder's attack. The bullfrog attacks as you move away!
You block the bullfrog's attack. The bullfrog barely misses you.
The howler monkey hoots and howls with incredible vigour!
You hear a shout!
You hear an angry hiss.
The bullfrog snags a nearby small bird with its tongue.
The bullfrog hits you.
* * * LOW HITPOINT WARNING * * *
There is a stone staircase leading up here.
The bullfrog hits you.
* * * LOW HITPOINT WARNING * * *
The adder barely misses you.
You climb upwards.
Reactivating autopickup.
There is a stone staircase leading down here.
You feel better. The bullfrog barely misses you.
The bullfrog hits you but does no damage.
The bullfrog hits you.
You hit the bullfrog.
The bullfrog is lightly wounded.
The bullfrog completely misses you. The bullfrog closely misses you.
You hit the bullfrog.
The bullfrog is lightly wounded.
The bullfrog hits you.
* * * LOW HITPOINT WARNING * * *
You closely miss the bullfrog.
The bullfrog is lightly wounded.
The bullfrog hits you.
* * * LOW HITPOINT WARNING * * *
The bullfrog hits you.
You die...

.##.............#.##..#
...............##.##..#
#...........#..##.<#..#
#........##.#..#####..#
#..#####.##..#........#
#.#.....#.##.#.#####.##
.#.........#...# #.#
#.........#.#..#####.#
...........#..>F@..#.#
....≈≈.....#.#####.#[###
...≈_.≈....#.# #.#...#
....≈≈.....#.# #.#.#.#
...........#.#####.#.#.#
#.........#.#......###.#
.#.........##.#####(...#
#.#.....#.###.#..##.####
##.#####.## #....##.#


You could see a bullfrog.

Vanquished Creatures
  Sigmund (D:3)
  2 orcs (D:4)
  A bat (D:2)
  3 endoplasms
  A giant cockroach (D:1)
  3 hobgoblins
  4 quokkas
  3 ball pythons
  3 goblins
  6 kobolds
  3 rats
30 creatures vanquished.

Vanquished Creatures (others)
  15 plants (D:4)
15 creatures vanquished.

Grand Total: 45 creatures vanquished

Notes
Turn   | Place    | Note
-------+----------+-------------------------------------------
     0 | D:1      | mathmaestro the Demonspawn Necromancer began the quest for
                  | the Orb.
     0 | D:1      | Reached XP level 1. HP: 13/13 MP: 3/3
   541 | D:1      | Gained mutation: You regenerate magic rapidly. [demonic
                  | ancestry]
   541 | D:1      | Reached XP level 2. HP: 12/20 MP: 5/5
  1703 | D:3      | Found Zojekus's Distillery.
  1712 | D:3      | Bought a potion of curing for 36 gold pieces
  1765 | D:3      | Found a faded altar of an unknown god.
  1908 | D:3      | Reached skill level 1 in Fighting
  2094 | D:3      | Noticed Sigmund
  2276 | D:3      | Identified the +0 pair of boots of the Flute {Harm *Corrode
                  | rElec Regen+}
  2937 | D:4      | Reached XP level 3. HP: 26/26 MP: 3/6
  2964 | D:4      | Learned a level 3 spell: Vampiric Draining
  3000 | D:3      | Killed Sigmund
  3001 | D:3      | Reached skill level 5 in Necromancy
  3001 | D:3      | Gained mutation: Your movements are slightly less
                  | encumbered by armour. (ER -2) [demonic ancestry]
  3001 | D:3      | Reached XP level 4. HP: 26/34 MP: 0/8
  3001 | D:3      | Reached XP level 5. HP: 30/39 MP: 0/9
  3007 | D:3      | Learned a level 4 spell: Animate Dead
  3139 | D:3      | Slain by a bullfrog

Illustrated notes

Levels and vault maps discovered:
D:1:      amcnicky_arrival_underground_garden, layout_loops_ring
D:2:      layout_loops_cross
D:3:      minmay_spotlight, layout_basic,
          shapermc_ecumenical_altar_starsandcircs, serial_shops, shop,
          uniq_sigmund
D:4:      layout_basic, serial_shops, shop, serial_bayou_lagoon_a,
          grunt_ministairs_1, minmay_misc_feat_tiny

Skill      XL: |  1  2  3 |
---------------+----------+-----
Stealth        | 2 |  2.0
Dodging        | 2 |  2.0
Fighting       | 1 2 |  2.3
Shields        | 2 |  2.0
Spellcasting   | 3 |  3.1
Necromancy     | 5 |  5.3

Action                   |  1- 3 |  4- 6 || total
-------------------------+-------+-------++-------
Melee: Dagger            |    40 |    10 ||    50
 Cast: Necrotise         |    25 |       ||    25
       Vampiric Draining |     2 |       ||     2
  Use: Potion            |       |     1 ||     1
 Stab: Sleeping          |     6 |       ||     6
Armor: Robe              |     6 |       ||     6
       Leather armour    |     5 |     8 ||    13
Dodge: Dodged            |    23 |    15 ||    38
Block: Buckler           |     7 |     7 ||    14

Table legend: (Time is in decaauts)
 A = Elapsed time spent in this place.
 B = Non-inter-level travel time spent in this place.
 C = Inter-level travel time spent in this place.
 D = Time resting spent in this place.
 E = Time spent auto-exploring this place.
 F = Levels seen in this place.
 G = Mean time per level.
                   A        B        C        D        E       F      G
               +--------+--------+--------+--------+--------+-----+--------+
         Total |   3143 |   3063 |     80 |    827 |   1468 |   4 |  785.8 |
       Dungeon |   3143 |   3063 |     80 |    827 |   1468 |   4 |  785.8 |
               +--------+--------+--------+--------+--------+-----+--------+

Top non-repeatable levels by time:
     D:2: 1114 daAuts
     D:1: 1029 daAuts
     D:3: 909 daAuts
     D:4: 90 daAuts
